 Dungeon Crawl Stone Soup version 0.17-a0-1534-gf98da79 (webtiles) character file.

213 George the Skirmisher (level 5, -5/48 HPs)
             Began as a Minotaur Fighter on July 17, 2015.
             Slain by Grinder (6 damage)
             ... while paralysed by Grinder
             ... on level 3 of the Dungeon.
             The game lasted 00:03:21 (1731 turns).

George the Skirmisher (Minotaur Fighter)            Turns: 1731, Time: 00:03:21

Health: -5/48      AC:  9    Str: 21    XL:     5   Next: 59%
Magic:  4/4        EV:  2    Int:  5    God:
Gold:   99         SH:  0    Dex: 13    Spells: 0 memorised, 4 levels left

rFire  . . .     SeeInvis .     a - +0 long sword
rCold  . . .     Clarity  .     b - +0 scale mail
rNeg   . . .     SustAt   .     c - +0 shield
rPois  .         Gourm    .     (helmet restricted)
rElec  .         Spirit   .     m - +0 cloak
rCorr  .         Warding  .     g - +0 pair of gloves
rMut   .         Stasis   .     (no boots)
MR     .....                    (no amulet)
Stlth  ..........               (no ring)
                                n - +3 ring of dexterity

@: paralysed, not resistant to hostile enchantments, extremely unstealthy
A: retaliatory headbutt, horns 2
a: no special abilities


You were on level 3 of the Dungeon.
You were not hungry.

You visited 1 branch of the dungeon, and saw 3 of its levels.

You collected 99 gold pieces.

Inventory:

Hand weapons
 a - a +0 long sword (weapon)
Armour
 b - a +0 scale mail (worn)
 c - a +0 shield (worn)
 g - a +0 pair of gloves (worn)
 m - a +0 cloak (worn)
Jewellery
 n - a +3 ring of dexterity (left hand)
Scrolls
 i - a scroll of identify {unknown}
 j - a scroll of magic mapping {unknown}
 k - 2 scrolls of fog {unknown}
 l - 2 scrolls of blinking {unknown}
Potions
 d - a potion of might
 f - a potion of experience {unknown}
 p - a potion of lignification {unknown}
Comestibles
 e - 2 bread rations
 h - 2 meat rations


   Skills:
 + Level 5.1 Fighting
 + Level 3.9 Long Blades
 + Level 4.8 Armour
 + Level 4.9 Shields


You had 4 spell levels left.
You didn't know any spells.

Dungeon Overview and Level Annotations

Branches:
Dungeon (3/15)

Altars:

Annotations:
D:3 Grinder, Natasha


Innate Abilities, Weirdness & Mutations

You reflexively headbutt those who attack you in melee.
You have a pair of horns on your head.


Message History

You feel a bit more experienced.
You slash the orc!
You kill the orc!
Natasha casts a spell.
You hit Grinder. Your headbutt misses Grinder.
Grinder is lightly wounded.
Grinder gestures at you.
You suddenly lose the ability to move!
Grinder hits you but does no damage. Grinder hits you but does no damage.
Natasha casts a spell.
Grinder hits you.
* * * LOW HITPOINT WARNING * * *
You writhe in agony.
* * * LOW HITPOINT WARNING * * *
Grinder hits you.
* * * LOW HITPOINT WARNING * * *
You writhe in agony.
* * * LOW HITPOINT WARNING * * *
Grinder hits you.
You die...

.# #.#.### .# #.§...#
##.....## .......#
######### #......#
#........ #
#......#.## #.#######
###.##....h§.... #.#
........5##########.#
..#..(.h5@(........#
##.############### #.
#. #


You could see Grinder, Natasha and a crimson imp.

Vanquished Creatures
  Ijyb (D:2)
  An orc wizard (D:3)
  5 adders
  4 gnolls (D:2)
  An ooze (D:2)
  A worm (D:2)
  5 giant geckos (D:2)
  3 orcs (D:3)
  8 bats
  A bat zombie (D:3)
  3 giant cockroaches
  7 hobgoblins
  4 jackals (D:3)
  A quokka (D:3)
  4 giant newts
  9 goblins
  12 kobolds
  7 rats
77 creatures vanquished.

Notes
Turn   | Place    | Note
--------------------------------------------------------------
     0 | D:1      | George the Minotaur Fighter began the quest for the Orb.
     0 | D:1      | Reached XP level 1. HP: 19/19 MP: 0/0
   104 | D:1      | Reached XP level 2. HP: 14/27 MP: 1/1
   623 | D:2      | Reached skill level 4 in Fighting
   646 | D:2      | Noticed Ijyb
   662 | D:2      | Killed Ijyb
   662 | D:2      | Reached XP level 3. HP: 23/33 MP: 2/2
   828 | D:2      | Reached XP level 4. HP: 36/41 MP: 3/3
  1384 | D:3      | Reached XP level 5. HP: 47/47 MP: 4/4
  1503 | D:3      | Reached skill level 5 in Fighting
  1712 | D:3      | Noticed Natasha
  1712 | D:3      | Noticed Grinder
  1727 | D:3      | Paralysed by Grinder for 7 turns
  1730 | D:3      | HP: 1/48 [Grinder (5)]
  1731 | D:3      | Slain by Grinder

Vault maps used:
D:1:      lemuel_arrival_hallway, minmay_tree_intersection, minmay_liquid_box
D:2:      uniq_iyjb
D:3:      first_bread, uniq_natasha, uniq_grinder

Action                   |  1- 3 |  4- 6 || total
-------------------------+-------+-------++-------
Melee: Long sword        |    68 |   119 ||   187
  Eat: Chunk             |       |     3 ||     3
